 Dungeon Crawl Stone Soup version 0.31-a0-267-g3fc6992b3b (webtiles) character file.

Game seed: 2208132732859219035

15097 qw the Skirmisher (level 11, -7/104 HPs)
             Began as a Minotaur Hexslinger on July 13, 2023.
             Was an Elder of Okawaru.
             Mangled by a death yak (18 damage)
             ... on level 1 of the Lair of Beasts.
             The game lasted 00:05:49 (12545 turns).

qw the Skirmisher (Minotaur Hexslinger)            Turns: 12545, Time: 00:05:49

Health: -7/104     AC: 12    Str: 13    XL:     11   Next: 97%
Magic:  14/14      EV: 24    Int: 10    God:    Okawaru [****..]
Gold:   626        SH:  0    Dex: 17    Spells: 11/12 levels left

rFire   . . .        Y - +0 shortbow
rCold   . . .        (shield currently unavailable)
rNeg    . . .        q - +0 troll leather armour
rPois   +            (helmet restricted)
rElec   .            p - +2 cloak
rCorr   .            (no gloves)
SInv    .            m - +2 pair of boots
Will    .....        (no amulet)
Stlth   +++          e - +5 ring of evasion
HPRegen 1.17/turn    d - ring of poison resistance
MPRegen 0.14/turn

%: no passive effects
@: about to teleport, heroic, marked
A: horns 2, retaliatory headbutt
a: Renounce Religion, Heroism, Finesse


You were on level 1 of the Lair of Beasts.
You worshipped Okawaru.
Okawaru was greatly pleased with you.
You visited 3 branches of the dungeon, and saw 11 of its levels.

You collected 626 gold pieces.


Innate Abilities, Weirdness & Mutations

You have a pair of horns on your head.
You reflexively headbutt those who attack you in melee.


   Skills:
 - Level 12.0(17.0) Fighting
 - Level 14.0(19.0) Ranged Weapons
 - Level 5.0(10.0) Armour
 + Level 8.6(13.6) Dodging
 - Level 1.0 Spellcasting
 - Level 2.0 Hexes
 + Level 6.6 Invocations


You had 11 spell levels left.
You knew the following spells:

 Your Spells              Type           Power      Damage    Failure   Level
a - Slow                  Hex            16%        N/A       19%         1

Your spell library contained the following spells:

 Spells                   Type           Power      Damage    Failure   Level
 Inner Flame              Hex/Fire       2%         N/A       63%         3
 Portal Projectile        Hex/Tloc       4%         N/A       63%         3
 Cause Fear               Hex            2%         N/A       87%         4

Inventory:

Hand Weapons
 Y - a +0 shortbow (weapon)
Armour
 m - a +2 pair of boots (worn)
 p - a +2 cloak (worn)
 q - a +0 troll leather armour (worn)
Jewellery
 d - a ring of poison resistance (right hand)
 e - a +5 ring of evasion (left hand)
 o - a ring of protection from cold
Scrolls
 a - 4 scrolls of identify
 i - 2 scrolls of enchant armour
 k - 3 scrolls of teleportation
Potions
 b - 8 potions of curing
 f - a potion of enlightenment
 g - a potion of magic
 h - a potion of haste
 l - a potion of mutation

Dungeon Overview and Level Annotations

Branches:
Dungeon (9/15)             Temple (1/1) D:6            Lair (1/5) D:9
    Orc: D:9-12

Altars:
Ashenzari
Cheibriados
Dithmenos
Elyvilon
Fedhas
Gozag
Hepliaklqana
Kikubaaqudgha
Makhleb
Nemelex Xobeh
Okawaru
Qazlal
Ru
Sif Muna
Trog
Uskayaw
Vehumet
Wu Jian
Xom
Yredelemnul
Zin
The Shining One

Shops:
D:4 =   D:9 (

Annotations:
D:2 1 runed translucent door, Crazy Yiuf
D:6 3 runed translucent doors, qw's ghost, novice GrFi; qw's ghost, novice NaHu


Message History

You shoot an arrow. The arrow barely misses the death yak.
The death yak gores you! The death yak gores you.
The death yak closely misses you. You furiously retaliate!
You headbutt the death yak! The death yak barely misses you.
The death yak completely misses you.
A black mamba comes into view.
You shoot an arrow.
The arrow hits the death yak but does no damage.
The death yak is moderately wounded.
The death yak gores you but does no damage.
The death yak gores you! x2; The death yak completely misses you.
The death yak closely misses you. You furiously retaliate!
You headbutt the death yak! You shoot an arrow. The arrow hits the death yak.
The death yak is moderately wounded.
The death yak completely misses you. The death yak gores you. x2
The death yak gores you! x2
You shoot an arrow.
The arrow hits the death yak but does no damage.
The death yak is moderately wounded.
A water moccasin comes into view.
You shoot an arrow.
The arrow hits the death yak but does no damage.
The death yak is moderately wounded.
The death yak completely misses you. The death yak gores you!
The death yak barely misses you. You furiously retaliate!
You headbutt the death yak. The death yak misses you.
The death yak barely misses you.
12544 ||| READING 4 scrolls of teleportation.
As you read the scroll of teleportation, it crumbles to dust.
You feel strangely unstable.
The death yak gores you but does no damage.
The death yak misses you. The death yak completely misses you.
The death yak misses you. You furiously retaliate!
You headbutt the death yak, but do no damage.
The death yak gores you!
You shoot an arrow. The arrow hits the death yak!
The death yak is heavily wounded.
The death yak gores you!!
You die...

........................%........
.................................
.................................
...#######.#####...##############
...# ### #P...# ...#
##########P..#
...####.##.#.##....##.#.
................YY......
.....^..........@YSS....
................YY......
........................
........................
........................
........................
........................
###.#.##.##########.#### ########


You could see 5 death yaks, a black mamba and a water moccasin.

Vanquished Creatures
  Gastronok (D:8)
  5 two-headed ogres
  A death yak (Lair:1)
  A cyclops (D:9)
  An ugly thing (D:9)
  2 cane toads (Lair:1)
  A gargoyle (D:9)
  Grinder (D:3)
  Prince Ribbit (D:6)
  3 trolls (D:9)
  A shadow (D:9)
  A wraith (D:9)
  3 wyverns
  18 yaks
  A steam dragon (D:6)
  A vampire mosquito (D:9)
  2 water moccasins (Lair:1)
  2 sky beasts
  3 orc warriors
  An ice beast (D:7)
  2 ogres
  A phantom (D:5)
  6 kobold brigands
  6 bullfrogs
  A gnoll sergeant (D:9)
  4 scorpions
  13 wights
  9 killer bees
  3 howler monkeys
  2 jellies
  7 hounds
  A gnoll bouda (D:4)
  2 orc priests
  2 sleepcaps (D:5)
  Terence (D:3)
  3 iguanas
  3 orc wizards
  Robin (D:3)
  23 gnolls
  5 adders
  A shadow imp (D:7)
  A white imp (D:8)
  An ufetubus (D:4)
  5 worms
  A dart slug (D:4)
  23 orcs
  2 ball pythons (D:3)
  7 bats
  4 endoplasms
  5 giant cockroaches
  14 goblins
  10 hobgoblins
  12 jackals
  39 kobolds
  5 quokkas
  5 frilled lizards
  9 rats
289 creatures vanquished.

Notes
Turn   | Place    | Note
-------+----------+-------------------------------------------
     0 | D:1      | qw the Minotaur Hexslinger began the quest for the Orb.
     0 | D:1      | Reached XP level 1. HP: 16/16 MP: 1/1
     0 | D:1      | 0 ||| qw: Version: 0.3-a-52-g30416fa
     0 | D:1      | 0 ||| qw: Game counter: 7715
     0 | D:1      | 0 ||| qw: Melee chars always use a shield: true
     0 | D:1      | 0 ||| qw: God list: Okawaru
     0 | D:1      | 0 ||| qw: Allow faded altars: false
     0 | D:1      | 0 ||| qw: Do Orc after clearing Dungeon:15 true
     0 | D:1      | 0 ||| qw: Do second Lair branch before Depths: true
     0 | D:1      | 0 ||| qw: Lair rune preference: random
     0 | D:1      | 0 ||| qw: Goals: Normal
     0 | D:1      | 0 ||| PLANNING D:1-11
   102 | D:1      | Reached skill level 3 in Ranged Weapons
   102 | D:1      | Reached XP level 2. HP: 23/23 MP: 2/2
   349 | D:1      | Found a faded altar of an unknown god.
   834 | D:1      | 834 ||| READING 2 scrolls labelled HERAEC SESER.
   835 | D:1      | 835 ||| DROPPING scroll of poison.
   871 | D:2      | Found a radiant altar of Vehumet.
  1073 | D:2      | Reached XP level 3. HP: 29/29 MP: 3/3
  1191 | D:2      | Found a runed translucent door.
  1192 | D:2      | Noticed Crazy Yiuf
  1401 | D:2      | Reached skill level 4 in Ranged Weapons
  1761 | D:2      | 1761 ||| UPGRADING to +0 ring mail.
  1771 | D:2      | 1771 ||| DROPPING +0 robe.
  1772 | D:2      | 1772 ||| UPGRADING to +5 ring of evasion.
  1773 | D:2      | 1773 ||| READING scroll labelled XURAPT HEXKAE.
  1773 | D:2      | Identified a scroll of acquirement
  1773 | D:2      | 1773 ||| ACQUIRING ring of protection from cold
  1773 | D:2      | Acquired a ring of protection from cold
  1775 | D:2      | 1775 ||| UPGRADING to ring of protection from cold.
  1776 | D:2      | 1776 ||| READING scroll labelled HOGIXK OHAWNOU.
  1777 | D:2      | 1777 ||| DRINKING 2 amethyst potions.
  1778 | D:2      | 1778 ||| DRINKING 2 fizzy golden potions.
  1779 | D:2      | 1779 ||| DROPPING potion of invisibility.
  1812 | D:3      | Noticed Robin
  1820 | D:3      | Reached skill level 1 in Armour
  1820 | D:3      | 1820 ||| STAIRDANCE
  1823 | D:2      | Reached XP level 4. HP: 17/36 MP: 4/4
  1973 | D:3      | 1973 ||| STAIRDANCE
  2112 | D:3      | Killed Robin
  2117 | D:3      | 2117 ||| STAIRDANCE
  2122 | D:2      | Reached skill level 5 in Ranged Weapons
  2272 | D:3      | Noticed a scorpion
  2278 | D:3      | Killed a scorpion
  2279 | D:3      | Reached skill level 3 in Fighting
  2279 | D:3      | Reached XP level 5. HP: 38/45 MP: 5/5
  2302 | D:3      | Noticed Grinder
  2310 | D:3      | Paralysed by Grinder for 2 turns
  2315 | D:3      | Paralysed by Grinder for 3 turns
  2333 | D:3      | Paralysed by Grinder for 4 turns
  2344 | D:3      | Paralysed by Grinder for 3 turns
  2352 | D:3      | Killed Grinder
  2353 | D:3      | Reached skill level 6 in Ranged Weapons
  2353 | D:3      | Reached XP level 6. HP: 20/51 MP: 6/6
  2494 | D:3      | Found a white marble altar of Elyvilon.
  2501 | D:3      | Noticed Terence
  2510 | D:3      | Killed Terence
  2847 | D:3      | Reached skill level 7 in Ranged Weapons
  2942 | D:3      | 2942 ||| READING scroll labelled REACAH UPSO.
  2945 | D:3      | 2945 ||| READING scroll labelled NOHOCW FIGISS.
  2946 | D:3      | 2946 ||| DRINKING 2 bubbling ruby potions.
  2990 | D:4      | 2990 ||| FLEEEEING.
  2991 | D:4      | 2991 ||| FLEEEEING.
  2992 | D:4      | 2992 ||| FLEEEEING.
  2993 | D:4      | 2993 ||| FLEEEEING.
  2994 | D:4      | 2994 ||| FLEEEEING.
  2995 | D:4      | 2995 ||| STAIRDANCE
  3099 | D:4      | 3099 ||| Stepping ~*~*~tactically~*~*~ (outnumbered).
  3115 | D:4      | HP: 12/52 [gnoll/+0 spear[a gnoll bouda] (3)]
  3116 | D:4      | 3116 ||| DRINKING potion of heal wounds.
  3260 | D:4      | Found Vomofo's Jewellery Emporium.
  3289 | D:4      | Reached XP level 7. HP: 59/59 MP: 7/7
  3338 | D:4      | 3338 ||| SHOPLISTING +5 ring of evasion (504 gold, have
                  | 229).
  3338 | D:4      | 3338 ||| SHOPLISTING +6 ring of strength (504 gold, have
                  | 229).
  3338 | D:4      | 3338 ||| SHOPLISTING ring of Dixtere {rElec MP-9 AC+4 Str-5
                  | SInv} (504 gold, have 229).
  3338 | D:4      | 3338 ||| SHOPLISTING ring of Ethics {Fly rN++} (490 gold,
                  | have 229).
  3338 | D:4      | 3338 ||| SHOPLISTING ring of positive energy (280 gold,
                  | have 229).
  3457 | D:4      | You fall into a shaft and drop 3 floors!
  3469 | D:7      | Reached skill level 8 in Ranged Weapons
  3650 | D:7      | Found a flagged portal.
  3734 | D:7      | 3734 ||| UPGRADING to ring of poison resistance.
  3753 | D:5      | Entered Level 5 of the Dungeon
  3761 | D:5      | Reached skill level 9 in Ranged Weapons
  3810 | D:4      | 3810 ||| Stepping ~*~*~tactically~*~*~ (outnumbered).
  3812 | D:4      | 3812 ||| Stepping ~*~*~tactically~*~*~ (outnumbered).
  3814 | D:4      | 3814 ||| Stepping ~*~*~tactically~*~*~ (outnumbered).
  3873 | D:4      | Reached XP level 8. HP: 68/68 MP: 8/8
  4228 | D:4      | Reached skill level 3 in Dodging
  4291 | D:4      | 4291 ||| Stepping ~*~*~tactically~*~*~ (outnumbered).
  4293 | D:4      | 4293 ||| Stepping ~*~*~tactically~*~*~ (outnumbered).
  4296 | D:4      | 4296 ||| Stepping ~*~*~tactically~*~*~ (outnumbered).
  4318 | D:4      | 4318 ||| FLEEEEING.
  4319 | D:4      | 4319 ||| FLEEEEING.
  4323 | D:4      | 4323 ||| FLEEEEING.
  4324 | D:4      | 4324 ||| FLEEEEING.
  4325 | D:4      | 4325 ||| FLEEEEING.
  4326 | D:4      | 4326 ||| FLEEEEING.
  4327 | D:4      | 4327 ||| FLEEEEING.
  4328 | D:4      | 4328 ||| FLEEEEING.
  4329 | D:4      | 4329 ||| FLEEEEING.
  4330 | D:4      | 4330 ||| FLEEEEING.
  4331 | D:4      | 4331 ||| FLEEEEING.
  4332 | D:4      | 4332 ||| FLEEEEING.
  4333 | D:4      | 4333 ||| FLEEEEING.
  4342 | D:4      | 4342 ||| Stepping ~*~*~tactically~*~*~ (water).
  4691 | D:4      | Reached skill level 6 in Fighting
  4942 | D:4      | HP: 16/70 [kobold/+0 club (4)]
  4943 | D:4      | 4943 ||| READING scroll of teleportation.
  4947 | D:4      | 4947 ||| Stepping ~*~*~tactically~*~*~ (water).
  5491 | D:4      | Found an ancient bone altar of Kikubaaqudgha.
  5491 | D:4      | Found a basalt altar of Yredelemnul.
  5491 | D:4      | Found a glowing silver altar of Zin.
  5491 | D:4      | Found a bloodstained altar of Trog.
  5499 | D:4      | Found a hide-covered altar of Uskayaw.
  5504 | D:4      | Found a burning altar of Makhleb.
  5683 | D:4      | 5683 ||| DROPPING scarf of harm.
  5684 | D:4      | 5684 ||| READING scroll labelled OJOCHA ESINUPPYKK.
  5685 | D:4      | 5685 ||| READING 2 scrolls of identify.
  5685 | D:4      | 5685 ||| IDENTIFYING purple potion
  5761 | D:5      | Reached skill level 10 in Ranged Weapons
  5861 | D:5      | 5861 ||| READING scroll of enchant weapon.
  5861 | D:5      | 5861 ||| ENCHANTING +2 sling.
  6012 | D:5      | 6012 ||| READING scroll of enchant weapon.
  6012 | D:5      | 6012 ||| ENCHANTING +3 sling.
  6118 | D:5      | 6118 ||| SWAPPING to +0 shortbow.
  6119 | D:5      | 6119 ||| DROPPING +4 sling.
  6449 | D:5      | 6449 ||| Stepping ~*~*~tactically~*~*~ (outnumbered).
  6451 | D:5      | 6451 ||| Stepping ~*~*~tactically~*~*~ (outnumbered).
  6453 | D:5      | 6453 ||| Stepping ~*~*~tactically~*~*~ (outnumbered).
  6569 | D:5      | 6569 ||| READING scroll labelled FISKUO FALA.
  6570 | D:5      | 6570 ||| READING scroll labelled VUINOZASOKH.
  6571 | D:5      | 6571 ||| DRINKING 2 bubbling black potions.
  6572 | D:5      | 6572 ||| READING 3 scrolls of identify.
  6572 | D:5      | 6572 ||| IDENTIFYING dark potion
  6573 | D:5      | 6573 ||| READING 2 scrolls of identify.
  6573 | D:5      | 6573 ||| IDENTIFYING bubbling coppery potion
  6574 | D:5      | 6574 ||| DROPPING potion of magic.
  6575 | D:5      | 6575 ||| DROPPING potion of ambrosia.
  6790 | D:6      | Found a staircase to the Ecumenical Temple.
  6791 | D:6      | 6791 ||| PLANNING TEMPLE
  6791 | D:6      | 6791 ||| READING 2 scrolls of identify.
  6791 | D:6      | 6791 ||| IDENTIFYING fizzy green potion
  6792 | D:6      | 6792 ||| DROPPING potion of attraction.
  6801 | Temple   | Entered the Ecumenical Temple
  6807 | Temple   | 6807 ||| PLANNING OKAWARU WORSHIP
  6861 | Temple   | Became a worshipper of Warmaster Okawaru
  6862 | Temple   | 6862 ||| PLANNING D:1-11
  6917 | D:6      | Found a runed translucent gate.
  6917 | D:6      | Found a runed translucent gate.
  6917 | D:6      | Found a runed translucent gate.
  6922 | D:6      | Noticed qw's ghost (novice NaHu)
  6922 | D:6      | Noticed qw's ghost (novice GrFi)
  6928 | D:6      | Noticed Prince Ribbit
  6943 | D:6      | Reached XP level 9. HP: 59/79 MP: 9/9
  6952 | D:6      | Killed Prince Ribbit
  6953 | D:6      | Reached skill level 11 in Ranged Weapons
  7286 | D:6      | HP: 10/79 [steam dragon/ball of steam (19)]
  7287 | D:6      | 7287 ||| READING 2 scrolls of teleportation.
  7624 | D:6      | Reached * piety under Okawaru
  7624 | D:6      | HP: 14/79 [something (7)]
  7625 | D:6      | 7625 ||| Stepping ~*~*~tactically~*~*~ (cloud).
  7859 | D:6      | Identified the +1 robe "Baiphech" {Harm Rampage Str-5
                  | Int-2}
  7901 | D:6      | 7901 ||| DROPPING +1 robe "Baiphech" {Harm Rampage Str-5
                  | Int-2}.
  7902 | D:6      | 7902 ||| READING scroll labelled SYLOTWU AZXUHA.
  8268 | D:7      | Reached skill level 12 in Ranged Weapons
  8455 | D:7      | Reached skill level 1 in Invocations
  8539 | D:7      | Noticed a two-headed ogre
  8540 | D:7      | 8540 ||| INVOKING Heroism.
  8553 | D:7      | Killed a two-headed ogre
  8553 | D:7      | Reached ** piety under Okawaru
  8554 | D:7      | Reached skill level 3 in Invocations
  8895 | D:7      | 8895 ||| UPGRADING to +0 cloak.
  8900 | D:7      | 8900 ||| READING 5 scrolls of enchant armour.
  8900 | D:7      | 8900 ||| ENCHANTING +0 cloak.
  8901 | D:7      | 8901 ||| READING 4 scrolls of enchant armour.
  8901 | D:7      | 8901 ||| ENCHANTING +1 cloak.
  8902 | D:7      | 8902 ||| DROPPING +6 ring of intelligence.
  8903 | D:7      | 8903 ||| READING scroll labelled QECECO JISSANK.
  8904 | D:7      | 8904 ||| READING 2 scrolls of identify.
  8904 | D:7      | 8904 ||| IDENTIFYING golden potion
  8988 | D:8      | Identified the +7 chain mail of Qeroxtea {rF+}
  9004 | D:8      | Reached skill level 3 in Armour
  9004 | D:8      | Reached XP level 10. HP: 81/90 MP: 10/12
  9009 | D:8      | 9009 ||| INVOKING Heroism.
  9025 | D:8      | Noticed a two-headed ogre
  9027 | D:8      | 9027 ||| FLEEEEING.
  9028 | D:8      | 9028 ||| FLEEEEING.
  9029 | D:8      | 9029 ||| FLEEEEING.
  9030 | D:8      | 9030 ||| STAIRDANCE
  9180 | D:8      | 9180 ||| INVOKING Heroism.
  9186 | D:8      | Killed a two-headed ogre
  9600 | D:8      | Reached *** piety under Okawaru
  9693 | D:8      | Noticed Gastronok
  9694 | D:8      | 9694 ||| INVOKING Heroism.
  9716 | D:8      | 9716 ||| INVOKING Heroism.
  9722 | D:8      | Killed Gastronok
  9723 | D:8      | Reached skill level 13 in Ranged Weapons
 10011 | D:8      | Reached skill level 9 in Fighting
 10176 | D:8      | 10176 ||| DROPPING scarf of shadows.
 10177 | D:8      | 10177 ||| READING scroll labelled OHYIJU YBYE.
 10270 | D:9      | Reached skill level 14 in Ranged Weapons
 10424 | D:9      | 10424 ||| INVOKING Heroism.
 10608 | D:9      | 10608 ||| INVOKING Heroism.
 10668 | D:9      | Found a staircase to the Lair.
 10748 | D:9      | Noticed a cyan ugly thing
 10750 | D:9      | 10750 ||| INVOKING Heroism.
 10750 | D:9      | Noticed a centaur warrior
 10768 | D:9      | Killed a cyan ugly thing
 10769 | D:9      | Reached XP level 11. HP: 36/99 MP: 13/13
 10774 | D:9      | HP: 17/99 [gnoll sergeant/+0 spear of venom (9)]
 10775 | D:9      | 10775 ||| READING 6 scrolls of teleportation.
 10775 | D:9      | HP: 6/99 [gnoll sergeant/+0 spear of venom (11)]
 10776 | D:9      | 10776 ||| DRINKING potion of heal wounds.
 11039 | D:9      | Found Vapehe's Weapon Emporium.
 11136 | D:9      | Reached skill level 6 in Dodging
 11149 | D:9      | Noticed a two-headed ogre
 11150 | D:9      | 11150 ||| Stepping ~*~*~tactically~*~*~ (outnumbered).
 11152 | D:9      | 11152 ||| INVOKING Heroism.
 11162 | D:9      | Killed a two-headed ogre
 11189 | D:9      | 11189 ||| INVOKING Heroism.
 11213 | D:9      | Noticed a two-headed ogre
 11221 | D:9      | 11221 ||| FLEEEEING.
 11222 | D:9      | 11222 ||| FLEEEEING.
 11223 | D:9      | 11223 ||| FLEEEEING.
 11224 | D:9      | 11224 ||| FLEEEEING.
 11225 | D:9      | 11225 ||| FLEEEEING.
 11226 | D:9      | 11226 ||| FLEEEEING.
 11227 | D:9      | 11227 ||| FLEEEEING.
 11228 | D:9      | 11228 ||| STAIRDANCE
 11312 | D:8      | 11312 ||| UPGRADING to +0 pair of boots.
 11317 | D:8      | 11317 ||| UPGRADING to +0 troll leather armour.
 11327 | D:8      | 11327 ||| DROPPING +0 ring mail.
 11328 | D:8      | 11328 ||| READING 3 scrolls of enchant armour.
 11328 | D:8      | 11328 ||| ENCHANTING +0 pair of boots.
 11329 | D:8      | 11329 ||| READING 2 scrolls of enchant armour.
 11329 | D:8      | 11329 ||| ENCHANTING +1 pair of boots.
 11330 | D:8      | 11330 ||| READING scroll labelled UBAGONGU OLIG.
 11331 | D:8      | 11331 ||| DRINKING 2 red potions.
 11332 | D:8      | 11332 ||| DROPPING potion of brilliance.
 11335 | D:9      | 11335 ||| INVOKING Heroism.
 11344 | D:9      | Killed a two-headed ogre
 11365 | D:9      | 11365 ||| INVOKING Heroism.
 11452 | D:9      | 11452 ||| INVOKING Heroism.
 11457 | D:9      | Reached **** piety under Okawaru
 11623 | D:9      | 11623 ||| Stepping ~*~*~tactically~*~*~ (outnumbered).
 11625 | D:9      | 11625 ||| Stepping ~*~*~tactically~*~*~ (outnumbered).
 11638 | D:9      | Noticed a two-headed ogre
 11639 | D:9      | 11639 ||| INVOKING Heroism.
 11656 | D:9      | Killed a two-headed ogre
 11830 | D:9      | 11830 ||| INVOKING Heroism.
 11879 | D:9      | 11879 ||| PLANNING LAIR
 11879 | D:9      | 11879 ||| DRINKING 2 black potions.
 11913 | D:9      | 11913 ||| READING 5 scrolls of identify.
 11913 | D:9      | 11913 ||| IDENTIFYING metallic white potion
 11914 | D:9      | 11914 ||| DROPPING potion of degeneration.
 11915 | D:9      | 11915 ||| DROPPING potion of lignification.
 11968 | Lair:1   | Entered Level 1 of the Lair of Beasts
 12119 | Lair:1   | 12119 ||| INVOKING Heroism.
 12142 | Lair:1   | 12142 ||| INVOKING Heroism.
 12148 | Lair:1   | HP: 21/102 [yak (6)]
 12149 | Lair:1   | 12149 ||| READING 5 scrolls of teleportation.
 12191 | Lair:1   | 12191 ||| FLEEEEING.
 12192 | Lair:1   | 12192 ||| FLEEEEING.
 12193 | Lair:1   | 12193 ||| FLEEEEING.
 12194 | Lair:1   | 12194 ||| FLEEEEING.
 12195 | Lair:1   | 12195 ||| FLEEEEING.
 12196 | Lair:1   | 12196 ||| FLEEEEING.
 12197 | Lair:1   | 12197 ||| FLEEEEING.
 12198 | Lair:1   | 12198 ||| FLEEEEING.
 12199 | Lair:1   | 12199 ||| STAIRDANCE
 12220 | D:9      | 12220 ||| READING scroll labelled MIKLEDW XOSEP.
 12265 | Lair:1   | 12265 ||| INVOKING Heroism.
 12363 | Lair:1   | Reached skill level 6 in Invocations
 12469 | Lair:1   | Reached skill level 12 in Fighting
 12518 | Lair:1   | Noticed a death yak
 12519 | Lair:1   | 12519 ||| INVOKING Heroism.
 12521 | Lair:1   | Noticed a death yak
 12522 | Lair:1   | Noticed a death yak
 12523 | Lair:1   | Noticed a death yak
 12528 | Lair:1   | Noticed a death yak
 12528 | Lair:1   | Noticed a death yak
 12536 | Lair:1   | Killed a death yak
 12543 | Lair:1   | HP: 18/104 [death yak (13)]
 12544 | Lair:1   | 12544 ||| READING 4 scrolls of teleportation.
 12545 | Lair:1   | Mangled by a death yak

Levels and vault maps discovered:
D:1:      dpeg_arrival_stone_temple_mockup, layout_loops_ring,
          hellmonk_ecumenical_altar_crossroads
D:2:      layout_basic, basic_altar, corner_web_ring, uniq_crazy_yiuf_cottage
D:3:      layout_rooms, mainiacjoe_overflow_six_doors_small,
          kennysheep_pointless_box, kennysheep_generic_room_6, uniq_grinder,
          uniq_robin, uniq_terence
D:4:      minmay_goblin_kobold_castle, layout_loops_cross,
          minmay_overflow_temple_hex, serial_shops,
          nicolae_shop_tiny_waterfront, roderic_roman_lattice
D:5:      layout_loops_cross, minmay_misc_feat_plants
D:6:      layout_rooms, minmay_temple_entry_overgrown, gammafunk_ghost_cemetery,
          minmay_misc_feat_tower, uniq_prince_ribbit1
D:7:      layout_gridville, enter_bailey_1, eino_jars
D:8:      layout_basic, uniq_gastronok
D:9:      minmay_quarter_circles, layout_irregular_city, lair_entry_dummy,
          serial_shops, shop
Temple:   eino_wide_crystal_templ
Lair:1:   layout_long_grid, serial_bayou_shore_b

Skill      XL: |  1  2  3  4  5  6  7  8  9 10 11 |
---------------+----------------------------------+-----
Ranged Weapons | 3 4 5 6 7 9 10 12 14 | 14.0
Fighting       | 2 3 4 5 7 8 10 12 | 12.0
Armour         | 1 2 3 4 5 |  5.0
Dodging        | 3 4 5 8 |  8.6
Invocations    | 4 6 |  6.6
Spellcasting   | |  1.0
Hexes          | |  2.0

Action                     |  1- 3 |  4- 6 |  7- 9 | 10-12 || total
---------------------------+-------+-------+-------+-------++-------
   Fire: Sling             |   108 |   177 |   376 |       ||   661
         Shortbow          |       |       |   213 |   579 ||   792
 Invoke: Heroism           |       |       |     1 |    18 ||    19
    Use: Scroll            |     3 |     2 |    16 |     9 ||    30
         Potion            |     2 |     2 |     1 |     3 ||     8
 Armour: Robe              |     8 |       |       |       ||     8
         Ring mail         |     3 |    13 |    64 |    27 ||   107
         Troll leather arm |       |       |       |    29 ||    29
  Dodge: Dodged            |    49 |    79 |   341 |   419 ||   888

Table legend:
 A = Non-vault XP
 B = Vault XP
 C = Vault XP percentage of total XP
 D = Non-vault monster count
 E = Vault monster count
 F = Vault count percentage of total count
                 A         B        C        D         E       F
            +---------+---------+-------+---------+---------+-------
      Total |   12069 |    9499 |  44.0 |     184 |     105 |  36.3
            +---------+---------+-------+---------+---------+-------
        D:1 |      29 |       0 |   0.0 |      17 |       0 |   0.0
        D:2 |      98 |      12 |  10.9 |      22 |       6 |  21.4
        D:3 |     146 |     354 |  70.8 |      18 |      11 |  37.9
        D:4 |     359 |     465 |  56.4 |      30 |      53 |  63.9
        D:5 |     600 |       0 |   0.0 |      22 |       0 |   0.0
        D:6 |    1060 |     286 |  21.2 |      15 |       1 |   6.2
        D:7 |    1608 |     311 |  16.2 |      13 |       5 |  27.8
        D:8 |    2214 |    1528 |  40.8 |      17 |       1 |   5.6
        D:9 |    1320 |    6543 |  83.2 |      11 |      28 |  71.8
     Lair:1 |    4635 |       0 |   0.0 |      19 |       0 |   0.0
            +---------+---------+-------+---------+---------+-------
